 Dungeon Crawl Stone Soup version 0.19.4 (webtiles) character file.

714 Naow the Conjurer (level 7, -7/36 HPs)
             Began as a Deep Elf Conjurer on Jan 30, 2017.
             Mangled by Edmund
             ... wielding a +2 dire flail of protection
              (10 damage)
             ... on level 4 of the Dungeon.
             The game lasted 00:07:08 (4674 turns).

Naow the Conjurer (Deep Elf Conjurer)               Turns: 4674, Time: 00:07:09

Health: -7/36      AC:  2    Str:  5    XL:     7   Next: 41%
Magic:  7/19       EV: 13    Int: 22    God:
Gold:   305        SH:  0    Dex: 15    Spells: 5 memorised, 3 levels left

rFire  x . .     SeeInvis .     i - +0 dagger
rCold  + . .     Gourm    .     a - +0 robe
rNeg   + . .     Faith    .     (no shield)
rPois  .         Spirit   .     (no helmet)
rElec  .         Reflect  .     (no cloak)
rCorr  .         Harm     .     (no gloves)
MR     .....                    (no boots)
Stlth  ++........               u - amulet of magic regeneration
                                n - ring of positive energy
                                q - ring of ice (curse)

@: no status effects
A: no striking features
a: no special abilities


You were on level 4 of the Dungeon.
You were not hungry.

You visited 1 branch of the dungeon, and saw 4 of its levels.

You collected 305 gold pieces.

Inventory:

Hand Weapons
 i - a +0 dagger (weapon)
Armour
 a - a +0 robe (worn)
 v - a +0 helmet
Jewellery
 f - an uncursed ring of protection from fire
 n - a ring of positive energy (right hand)
 o - an uncursed amulet of the gourmand
 q - a cursed ring of ice (left hand)
 u - an amulet of magic regeneration (around neck)
Wands
 C - a wand of iceblast (9/15)
Scrolls
 h - a scroll of teleportation {unknown}
 j - 3 scrolls of enchant weapon {unknown}
 k - 2 scrolls of noise {unknown}
 p - a scroll of fear {unknown}
 w - a scroll of remove curse {unknown}
 x - a scroll of identify {unknown}
 y - a scroll of immolation {unknown}
Potions
 d - 3 potions of curing {unknown}
 e - 2 potions of agility
 g - 2 potions of heal wounds {unknown}
 l - a potion of might {unknown}
 m - 3 potions of berserk rage {unknown}
 r - 2 potions of lignification {unknown}
 t - a potion of invisibility {unknown}
 B - 2 potions of brilliance {unknown}
 D - a potion of cancellation {unknown}
Books
 b - a book of Conjurations

   Spells                             Type                      Level
   a - Magic Dart                     Conjuration                  1
   b - Searing Ray                    Conjuration                  2
   c - Dazzling Spray                 Conjuration/Hexes            3
   d - Fulminant Prism                Conjuration/Hexes            4
   e - Iskenderun's Mystic Blast      Conjuration                  4
   f - Iskenderun's Battlesphere      Conjuration/Charms           5
 F - a book of the Tempests

   Spells                             Type                      Level
   a - Static Discharge               Conjuration/Air              3
   b - Lightning Bolt                 Conjuration/Air              5
   c - Fireball                       Conjuration/Fire             5
   d - Tornado                        Air                          9
   e - Shatter                        Earth                        9
Comestibles
 c - 2 bread rations
 s - 2 fruits
 z - a beef jerky
 E - a slice of pizza
 G - a meat ration


   Skills:
 - Level 0.1 Fighting
 - Level 3.2 Dodging
 - Level 2.6 Stealth
 - Level 0.7 Unarmed Combat
 + Level 6.9 Spellcasting
 + Level 7.2 Conjurations
 + Level 4.2 Charms


You had 3 spell levels left.
You knew the following spells:

 Your Spells              Type           Power        Failure   Level  Hunger
a - Magic Dart            Conj           ####         1%          1    None
b - Searing Ray           Conj           #####.       1%          2    None
c - Iskenderun's Battles  Conj/Chrm      ####....     21%         5    #####..
d - Iskenderun's Mystic   Conj           #####...     4%          4    ###....
e - Fulminant Prism       Conj/Hex       ###.......   21%         4    ###....


Dungeon Overview and Level Annotations

Branches:
Dungeon (4/15)
 Temple: D:4-7

Altars:
Dithmenos
Fedhas
Qazlal
Uskayaw
The Shining One

Annotations:
D:3 Kiturien's ghost, amateur HOFi
D:4 1 runed door, Edmund


Message History

The searing ray misses Edmund.
Edmund hits you with a dire flail of protection.
The searing ray hits Edmund.
Edmund is almost dead.
You finish channeling your searing ray.
Edmund says, "I'm quite good with sums, too."
Edmund hits you with a dire flail of protection!
* * * LOW HITPOINT WARNING * * *
Casting: Searing Ray
Confirm with . or Enter, or press ? or * to list all spells.
Aiming: Searing Ray
Press: ? - help, Shift-Dir - straight line, f/p - Edmund
Aim: Edmund, wielding a dire flail of protection and wearing a chain mail (almost dead)
The searing ray hits Edmund.
Edmund is almost dead. (Press . to maintain the ray.)
The searing ray hits Edmund.
Edmund is almost dead.
Edmund hits you with a dire flail of protection!
You die...

### #.# #.# #.#
##########.#
...........#
##########.#############
................@@a.....
##########.#############
.............# #.....#
.......>.#...# #.###.#
.######..#...# #.# #.#
.# #..#...#####.###.# .#
##..#..........##.# .#
#..............##.#
.#####...#..........##.#


You could see Edmund and a worker ant.

Vanquished Creatures
  Menkaure (D:4)
  The ghost of Naow the Conjurer, an amateur DECj of Vehumet (D:4)
  Blork the orc (D:4)
  A hound (D:4)
  3 orc priests
  An orc wizard (D:3)
  2 centaur skeletons (D:4)
  Jessica (D:2)
  Natasha (thrice) (D:2)
  3 adders
  A worm (D:3)
  2 dart slugs
  A leopard gecko (D:1)
  8 orcs
  8 giant cockroaches
  9 goblins
  8 hobgoblins
  3 jackals (D:3)
  5 kobolds
  2 quokkas
  4 ball pythons
  4 bats
  3 frilled lizards
  A leopard gecko skeleton (D:4)
  10 rats
86 creatures vanquished.

Notes
Turn   | Place    | Note
-------+----------+-------------------------------------------
     0 | D:1      | Naow the Deep Elf Conjurer began the quest for the Orb.
     0 | D:1      | Reached XP level 1. HP: 10/10 MP: 6/6
   190 | D:1      | Reached XP level 2. HP: 15/15 MP: 2/8
   926 | D:1      | Reached skill level 5 in Conjurations
  1018 | D:1      | Reached XP level 3. HP: 19/19 MP: 3/10
  1415 | D:2      | Noticed Natasha
  1421 | D:1      | Learned a level 2 spell: Searing Ray
  1514 | D:2      | Killed Natasha
  1528 | D:2      | Noticed Jessica
  1530 | D:2      | Killed Jessica
  1530 | D:2      | Reached XP level 4. HP: 24/24 MP: 2/12
  1705 | D:2      | Found a hide-covered altar of Uskayaw.
  1781 | D:2      | Found a shadowy altar of Dithmenos.
  1851 | D:2      | Noticed Natasha
  1855 | D:2      | Killed Natasha
  1921 | D:2      | Noticed Natasha
  1923 | D:2      | Killed Natasha
  1923 | D:2      | Reached XP level 5. HP: 21/28 MP: 10/14
  2262 | D:3      | Reached skill level 5 in Spellcasting
  2262 | D:3      | Reached skill level 6 in Conjurations
  2604 | D:3      | Found a glowing golden altar of the Shining One.
  2619 | D:3      | Reached XP level 6. HP: 32/32 MP: 0/16
  3008 | D:3      | Noticed Kiturien's ghost (amateur HOFi)
  3154 | D:2      | Learned a level 5 spell: Iskenderun's Battlesphere
  3159 | D:2      | Learned a level 4 spell: Iskenderun's Mystic Blast
  3164 | D:2      | Learned a level 4 spell: Fulminant Prism
  3461 | D:4      | Found a stormy altar of Qazlal.
  3477 | D:4      | Noticed Menkaure
  3481 | D:4      | Killed Menkaure
  3511 | D:4      | Noticed Naow's ghost (amateur DECj)
  3514 | D:4      | Killed Naow's ghost
  3514 | D:4      | Reached XP level 7. HP: 6/36 MP: 0/18
  3797 | D:4      | Noticed Blork the orc
  3802 | D:4      | Killed Blork the orc
  3802 | D:4      | Reached skill level 7 in Conjurations
  4233 | D:4      | Found a blossoming altar of Fedhas.
  4518 | D:4      | Found a runed door.
  4662 | D:4      | Noticed Edmund
  4674 | D:4      | Mangled by Edmund

Skill      XL: |  1  2  3  4  5  6  7 |
---------------+----------------------+-----
Conjurations   | 5 6 7 |  7.2
Spellcasting   | 4 5 6 |  6.9
Dodging        | 3 |  3.2
Charms         | 3 4 |  4.2
Fighting       | |  0.1
Stealth        | |  2.6
Unarmed Combat | |  0.7

Action                   |  1- 3 |  4- 6 |  7- 9 || total
-------------------------+-------+-------+-------++-------
Melee: Unarmed           |     9 |       |       ||     9
       Dagger            |     2 |       |       ||     2
 Cast: Magic Dart        |    49 |    75 |    30 ||   154
       Searing Ray       |     2 |     8 |     8 ||    18
       Iskenderun's Myst |       |     5 |     5 ||    10
  Eat: Chunk             |     1 |    14 |       ||    15
Armor: Robe              |     9 |     3 |       ||    12
Dodge: Dodged            |    23 |    14 |     3 ||    40
